Map: Ruins of Seras

Players

maxin - Winner!

  • Race: Protoss Protoss
  • League: Diamond

MorN

  • Race: Terran Terran
  • League: Master

VOD

Have the link to the VOD?

Description

Time

  • Played on: Nov. 18, 2015, 6:08 p.m.
  • Length: 9:28
Show
View Real Time Build Order
Export as new Build Order

maxin Protoss - Winner!

Build Orders: 1 Gate Expand, Oracle Opening 

Get SALT Encoding   

  12  0:01  Probe (Chrono Boost)  
  13  0:11  Probe (Chrono Boost)  
  14  0:18  Pylon  
  14  0:22  Probe (Chrono Boost)  
  15  0:36  Probe (Chrono Boost)  
  15  0:38  Gateway  
  16  0:47  Probe (Chrono Boost)  
  16  0:48  Assimilator  
  17  0:57  Probe (Chrono Boost)  
  18  1:08  Probe (Chrono Boost)  
  20  1:18  Probe (Chrono Boost)  
  20  1:26  Nexus  
  20  1:37  Cybernetics Core  
  20  1:42  Probe (Chrono Boost)  
  21  1:50  Assimilator  
  21  1:55  Pylon  
  21  2:08  Probe (Chrono Boost)  
  22  2:09  Pylon  
  22  2:16  Stalker  
  22  2:19  Probe (Chrono Boost)  
  25  2:27  Stargate  
  25  2:31  Probe (Chrono Boost)  
  25  2:34  Warp Gate (Chrono Boost)  
  26  2:41  Probe (Chrono Boost)  
  27  2:46  Stalker  
  29  2:52  Probe (Chrono Boost)  
  29  2:54  Probe (Chrono Boost)  
  31  3:02  Probe (Chrono Boost)  
  31  3:04  Probe (Chrono Boost)  
  33  3:10  Oracle (Chrono Boost)  
  36  3:13  Probe  
  36  3:15  Probe  
  38  3:21  Pylon  
  38  3:23  Probe  
  39  3:27  Probe  
  40  3:36  Twilight Council  
  40  3:37  Probe  
  40  3:39  Probe  
  42  3:45  Assimilator  
  42  3:47  Probe  
  42  3:51  Probe  
  44  3:58  Probe  
  45  4:03  Probe  
  45  4:08  Probe  
  46  4:15  Probe  
  48  4:20  Blink (Chrono Boost)  
  48  4:21  Gateway x2  
  46  4:24  Gateway  
  46  4:27  Probe  
  46  4:28  Probe  
  48  4:38  Gateway  
  48  4:39  Oracle  
  48  4:40  Gateway  
  51  4:47  Probe  
  51  4:48  Probe  
  54  5:03  Pylon  
  53  5:09  Pylon  
  53  5:16  Pylon  
  53  5:26  Assimilator  
  53  5:36  Nexus  
  53  5:37  Stalker x4  
  53  5:41  Probe x2, Forge  
  63  5:56  Probe x2  
  65  6:05  Stalker x6  
  65  6:11  Probe x2  
  79  6:14  Forge  
  79  6:15  Robotics Facility  
  79  6:23  Probe  
  80  6:28  Probe  
  80  6:31  Pylon  
  81  6:33  Pylon  
  81  6:35  Probe  
  82  6:40  Probe  
  82  6:46  Sentry  
  85  6:47  Probe  
  85  6:52  Sentry x2  
  90  6:56  Sentry x3  
  94  7:09  Mothership Core  
  94  7:10  Zealot  
  97  7:27  Pylon  
  93  7:30  Pylon  
  93  7:32  Pylon  
  90  7:49  Zealot x3  
  76  8:07  Stalker x2  
  80  8:13  Gateway  
  80  8:14  Gateway  
  80  8:16  Gateway  
  80  8:19  Stalker, Gateway  
  50  8:37  Stalker  
  50  8:38  Stalker  
  18  8:50  Probe  
  19  9:01  Probe (Chrono Boost)  
  20  9:03  Probe (Chrono Boost)  
  21  9:12  Probe (Chrono Boost)  
  21  9:14  Probe (Chrono Boost)  
Show
View Real Time Build Order
Export as new Build Order

MorN Terran 

Build Orders:  

Get SALT Encoding   

  12  0:00  SCV  
  13  0:13  SCV  
  14  0:18  Supply Depot  
  14  0:25  SCV  
  15  0:28  Refinery  
  15  0:39  SCV  
  16  0:45  Barracks  
  16  0:51  SCV  
  17  1:03  SCV  
  18  1:16  SCV  
  19  1:32  Orbital Command  
  19  1:33  Marine  
  20  1:47  Command Center  
  20  1:51  Marine  
  21  2:01  Factory  
  21  2:12  Supply Depot  
  21  2:13  SCV  
  22  2:17  Marine  
  23  2:33  SCV  
  23  2:35  Marine  
  25  2:46  Factory Tech Lab  
  25  2:48  Barracks  
  25  2:54  SCV  
  25  2:57  Marine  
  27  3:00  Orbital Command  
  27  3:06  SCV, Cyclone  
  31  3:17  Refinery  
  31  3:18  SCV  
  31  3:19  Marine  
  33  3:29  SCV  
  33  3:31  SCV  
  33  3:32  Engineering Bay  
  35  3:41  SCV  
  35  3:47  Stimpack  
  37  3:49  Barracks Reactor  
  37  3:54  Barracks  
  29  4:23  SCV  
  30  4:25  SCV  
  30  4:29  Factory Tech Lab  
  31  4:31  Missile Turret  
  31  4:32  Missile Turret  
  31  4:35  SCV  
  31  4:37  Marine x2  
  35  4:39  SCV  
  35  4:40  Marauder  
  37  4:47  SCV, Starport  
  37  4:50  Refinery  
  37  5:02  SCV  
  37  5:06  SCV  
  39  5:09  Marauder, Marine x2  
  39  5:13  Supply Depot  
  39  5:14  SCV  
  44  5:17  Liberator  
  44  5:30  Supply Depot  
  44  5:31  Marine x2  
  44  5:35  Siege Tank  
  52  5:39  Barracks Tech Lab  
  52  5:40  Marauder  
  54  5:45  Terran Infantry Weapons Level 1  
  54  5:51  SCV  
  54  5:53  Supply Depot  
  54  5:55  Supply Depot, SCV  
  56  6:01  Concussive Shells, Marine  
  56  6:02  Marine  
  58  6:07  Liberator  
  58  6:13  SCV x2  
  58  6:15  Marine  
  58  6:17  Supply Depot  
  61  6:24  Marauder  
  66  6:29  SCV  
  66  6:32  Bunker  
  67  6:35  Siege Tank  
  67  6:36  SCV  
  56  7:18  Medivac  
  39  8:07  Orbital Command  
  37  8:21  Marine x2  
  20  8:43  Marine x2  
  14  8:49  Marine  
  14  8:54  SCV  
  16  9:01  Marine x2  
  18  9:06  SCV  
  21  9:14  Refinery  
Tags
 
Add a new tag
Caveats
  • Supply blocks, unpowered buildings, or Contaminate may cause inaccurate times.
  • Supply counts are checked every 10 seconds.